Unix NetHack Version 3.7.0-50 Work-in-progress - last build Feb 25 2022 12:24:36 (2cae1c06d18a5f7572a27f61024ca332b3effe23,branch:master). Game began 2022-02-26 07:58:57, ended 2022-02-26 20:30:05. spontiff, neutral male gnomish Healer ----- ------- -...| |.....| ---------------- |...| |.....|####.^.............| #....---- #......|# |..............| ------------ ###|......| ####|.....|# #...............| |..........| |......| # --|----# #-----.---------- |....<......####.......| # ###### #### ## #-..........| ---.-|-- # ## # #------------ # # # ### # ## ## # ### #### # ----- # # # # #### # |)$.| # # # #--------|--# |...| m## ---.----## |.........|# |...|#@# |......|# |.........|# |.$@-# |.......# |..>......-# ----- |......| ----------- |......- -------- Spontiff the Rhizotomist St:11 Dx:9 Co:14 In:10 Wi:18 Ch:16 Neutral S:100 Dlvl:2 $:1259 HP:0(14) Pw:0(6) AC:7 Xp:1/0 T:1528 Hungry Latest messages: In what direction? u Status of the dog (neutral): Level 4 HP 31(31) AC 5, tame. The dog bites the small mimic. The small mimic hits the dog. What do you want to use or apply? [ksSZ or ?*] s In what direction? u Status of the dog (neutral): Level 4 HP 23(31) AC 5, tame. In what direction? u The dog looks better. The dog misses the small mimic. The dog misses the small mimic. The dog misses the small mimic. The dog bites the small mimic. The small mimic hits the dog. What do you want to use or apply? [ksSZ or ?*] s In what direction? k Status of the small mimic (neutral): Level 6 HP 9(30) AC 7. There are several objects here. The dog picks up a gold piece. You drop an uncursed arrow. Abitibi offers 1 gold piece for your arrow. Sell it? [ynaq] (n) a You sold an uncursed arrow for 1 gold piece. You drop 10 blessed darts. You sold 10 blessed darts for 60 gold pieces. You drop an uncursed crude dagger. An uncursed orcish dagger; you sold it for 2 gold pieces. The dog drops a gold piece. "For you, esteemed sir; only 2 zorkmids for this arrow." X - a cursed arrow (unpaid, 2 zorkmids). What do you want to drop? [$ceghknpsyLRSWXZ or ?*] A You don't have that object. What do you want to drop? [$ceghknpsyLRSWXZ or ?*] X You drop a cursed arrow (unpaid, 2 zorkmids). You do not owe Abitibi anything. What do you want to use or apply? [ksSZ or ?*] s In what direction? b Status of the small mimic (neutral): Level 6 HP 11(30) AC 7. You are empty handed. You already found a monster. Use 'm' prefix to force another search. What do you want to use or apply? [ksSZ or ?*] s In what direction? h Status of the small mimic (neutral): Level 6 HP 11(30) AC 7. The small mimic hits! "Hello, spontiff! Welcome again to Abitibi's general store!" In what direction? k The dog looks better. The small mimic hits! You die... Do you want your possessions identified? [ynq] (y) y Do you want to see the dungeon overview? [ynq] (y) y Major events: Turn 1: spontiff the neutral male gnomish Healer entered the dungeon 103: rejected atheism with a prayer 174: entered new level 2, The Dungeons of Doom 384: ate for the first time - newt corpse 384: consumed animal products for the first time, by eating a newt corpse 747: entered a shop 1080: entered new level 3, The Dungeons of Doom Inventory: Coins $ - 1259 gold pieces Weapons W - a blessed +1 dart Armor h - an uncursed +0 orcish helm (being worn) g - an uncursed +1 pair of leather gloves (being worn) Comestibles y - 6 uncursed apples n - 2 uncursed food rations p - an uncursed lembas wafer Potions e - a blessed potion of extra healing c - 4 uncursed potions of healing Rings R - an uncursed ring of fire resistance L - an uncursed ring of protection from shape changers Wands Z - an uncursed wand of digging (0:5) S - a blessed wand of sleep (0:7) Tools k - a cursed skeleton key s - an uncursed stethoscope Spontiff the Healer's attributes: Background: You were a Rhizotomist, a level 1 male gnomish Healer. You were neutral, on a mission for Hermes who was opposed by Athena (lawful) and Poseidon (chaotic). You were in the Dungeons of Doom, on level 2. You entered the dungeon 1528 turns ago. You had 0 experience points, 20 were needed to attain level 2. Your score was 100 before end-of-game adjustments. Basics: You had 0 out of 14 hit points. You had 0 out of 6 energy points (spell power). Your armor class was 7. Your wallet contained 1259 zorkmids. Autopickup was on for '$!/="?' plus thrown, with exceptions. Final Characteristics: Your strength was 11 (limit:18/50). Your dexterity was 9 (limit:18). Your constitution was 14 (limit:18). Your intelligence was 10 (limit:19). Your wisdom was 18 (limit:18). Your charisma was 16 (limit:18). Final Status: You were hungry. You were unencumbered. You were empty handed. You were unskilled in bare handed combat. Final Attributes: You were devoutly aligned. You were poison resistant. You had infravision. You are dead. Miscellaneous: You never encountered a bones level. Total elapsed playing time was 58 minutes and 37 seconds. Vanquished creatures: 4 jackals a fox 2 kobolds 2 goblins 3 sewer rats 6 grid bugs 5 lichens a kobold zombie 6 newts 30 creatures vanquished. No species were genocided or became extinct. Voluntary challenges: You never hit with a wielded weapon. You were a pacifist. You were illiterate. You never engraved Elbereth. You never genocided any monsters. You never polymorphed an object. You never changed form. You used no wishes. Achievement: You entered a shop. The Dungeons of Doom: levels 1 to 3 Level 1: "Stash" An altar to Hermes. Level 2: <- You were here. A general store. Final resting place for you, killed by a small mimic. Level 3: A fountain. Game over: ---------- / \ / REST \ / IN \ / PEACE \ / \ | spontiff | | 1259 Au | | killed by a | | small mimic | | | | | | 2022 | *| * * * | * _________)/\\_//(\/(/\)/\//\/|_)_______ Goodbye spontiff the Healer... You died in The Dungeons of Doom on dungeon level 2 with 100 points, and 1259 pieces of gold, after 1528 moves. You were level 1 with a maximum of 14 hit points when you died.